 Dungeon Crawl Stone Soup version 0.27-a0-1434-g6f15984924 (webtiles) character file.

Game seed: 17482805199703315725

34 epicjoe the Covered (level 3, -7/33 HPs)
             Began as a Minotaur Fighter on July 3, 2021.
             Mangled by Sigmund (10 damage)
             ... on level 2 of the Dungeon.
             The game lasted 00:06:57 (2044 turns).

epicjoe the Covered (Minotaur Fighter)              Turns: 2044, Time: 00:06:58

Health: -7/33      AC:  9    Str: 21    XL:     3   Next: 14%
Magic:  2/2        EV:  5    Int:  5    God:
Gold:   51         SH:  0    Dex:  9    Spells: 2/2 levels left

rFire    + . .     SeeInvis .   a - +0 war axe
rCold    . . .     Faith    .   c - +0 kite shield
rNeg     . . .     Spirit   .   k - +0 chain mail
rPois    .         Reflect  .   (helmet restricted)
rElec    .         Harm     .   (no cloak)
rCorr    .         Rampage  .   (no gloves)
Will     .....                  (no boots)
Stlth    ..........             (no amulet)
HPRegen  0.11/turn              f - ring of protection from fire
MPRegen  0.08/turn              (no ring)

@: confused
A: horns 2, retaliatory headbutt
a: no special abilities


You were on level 2 of the Dungeon.
You visited 1 branch of the dungeon, and saw 2 of its levels.

You collected 51 gold pieces.

Inventory:

Hand Weapons
 a - a +0 war axe (weapon)
Armour
 b - a +0 scale mail
 c - a +0 kite shield (worn)
 k - a +0 chain mail (worn)
Jewellery
 f - a ring of protection from fire (left hand)
Scrolls
 i - a scroll of identify {unknown}
 j - a scroll of teleportation
Potions
 d - a potion of might
 e - 2 potions of magic {unknown}
 g - a potion of heal wounds {unknown}
 h - 2 potions of curing {unknown}


   Skills:
 + Level 4.1 Fighting
 + Level 3.0 Axes
 + Level 4.1 Armour
 + Level 4.0 Shields


You had 2 spell levels left.
You didn't know any spells.
Your spell library was empty.

Dungeon Overview and Level Annotations

Branches:
Dungeon (2/15)

Altars:
Vehumet

Annotations:
D:2 Sigmund


Innate Abilities, Weirdness & Mutations

You have a pair of horns on your head.
You reflexively headbutt those who attack you in melee.


Message History

You miss something. You headbutt something! Something hits you!
You hear some strange, mumbled words.
Something tries to affect you, but you resist.
You closely miss something. Your headbutt misses something.
Something hits you but does no damage.
Your chain mail prevents you from hitting something.
Something hits you but does no damage. x2
You miss something.
You hear some strange, mumbled words.
You are confused.
You bump into the rock wall.
Something hits you but does no damage.
You miss something. Your headbutt misses something.
Something hits you but does no damage. x2
You bump into the rock wall.
You hear some strange, mumbled words.
Something tries to affect you, but you resist.
You barely miss something.
You hear some strange, mumbled words.
Something tries to affect you, but you resist.
Something hits you but does no damage.
You miss something.
You hear some strange, mumbled words.
A puff of flame appears from out of thin air!
The puff of flame hits you. You resist.
You feel less confused. Something hits you. You block something's attack.
Something hits you but does no damage.
You closely miss something. Something completely misses you.
Something hits you!
You miss something. Something hits you but does no damage.
You miss something. You headbutt something.
You hear some strange, mumbled words.
You are confused.
Something hits you but does no damage. Something hits you!
* * * LOW HITPOINT WARNING * * *
Something hits you but does no damage.
You barely miss something. Something hits you!
You die...

....#...................##.####
....#####..###.##.##..........#
...... ..# #.##.##..#.##.####
...#### #.##..#.##<# ...# #
#.....#.##.# # #. ####..#.##.#
#..##.#####..#.##.#
.......{.....#.##.#
.......@.....#.##.#
#............#.##.#
###...###....#.##.###### ##..
#....#.......... #.
#....########### .. #..#.# ##
....... .......


There were no monsters in sight!

Vanquished Creatures
  A worm (D:2)
  A dart slug (D:1)
  4 endoplasms
  A giant cockroach (D:1)
  2 goblins (D:1)
  2 hobgoblins (D:1)
  2 jackals (D:1)
  5 kobolds
  2 ball pythons (D:2)
  A bat (D:2)
  A frilled lizard (D:2)
  6 rats
28 creatures vanquished.

Notes
Turn   | Place    | Note
-------+----------+-------------------------------------------
     0 | D:1      | epicjoe the Minotaur Fighter began the quest for the Orb.
     0 | D:1      | Reached XP level 1. HP: 19/19 MP: 0/0
    22 | D:1      | You fall into a shaft and drop 1 floor!
   113 | D:2      | Reached XP level 2. HP: 16/27 MP: 1/1
  1288 | D:2      | Found a radiant altar of Vehumet.
  1353 | D:1      | Reached XP level 3. HP: 31/33 MP: 2/2
  2022 | D:2      | Noticed Sigmund
  2044 | D:2      | Mangled by Sigmund

Illustrated notes

Levels and vault maps discovered:
D:1:      minmay_arrival_hallway, layout_basic, st_stairs_13
D:2:      layout_basic, basic_altar, uniq_sigmund

Skill      XL: |  1  2  3 |
---------------+----------+-----
Shields        | 4 |  4.0
Fighting       | 4 |  4.1
Armour         | 4 |  4.1
Axes           | 3 |  3.0

Action                   || total
-------------------------++-------
Melee: War axe           ||    55
       Headbutt          ||    11
  Use: Scroll            ||     2
Armor: Scale mail        ||    14
       Chain mail        ||    13
Dodge: Dodged            ||    17
Block: Kite shield       ||    17

Table legend: (Time is in decaauts)
 A = Elapsed time spent in this place.
 B = Non-inter-level travel time spent in this place.
 C = Inter-level travel time spent in this place.
 D = Time resting spent in this place.
 E = Time spent auto-exploring this place.
 F = Levels seen in this place.
 G = Mean time per level.
                   A        B        C        D        E       F      G
               +--------+--------+--------+--------+--------+-----+--------+
         Total |   2077 |   1942 |    135 |    583 |    165 |   2 | 1038.5 |
       Dungeon |   2077 |   1942 |    135 |    583 |    165 |   2 | 1038.5 |
               +--------+--------+--------+--------+--------+-----+--------+

Top non-repeatable levels by time:
     D:1: 1331 daAuts
     D:2: 745 daAuts
